 Dungeon Crawl Stone Soup version 0.26.1-11-gd32895ea62 (webtiles) character file.

Game seed: 2024478542884979071

1774 Zeld the Cruncher (level 9, -1/52 (54) HPs)
             Began as an Octopode Gladiator on May 18, 2021.
             Was a Believer of Wu Jian.
             Slain by a wight
             ... wielding a +4 halberd
              (18 damage)
             ... on level 7 of the Dungeon.
             The game lasted 00:06:23 (10321 turns).

Zeld the Cruncher (Octopode Gladiator)             Turns: 10321, Time: 00:06:24

HP:   -1/52 (54)    AC:  2    Str: 14    XL:     9   Next: 7%
MP:   9/9           EV: 14    Int: 10    God:    Wu Jian [**....]
Gold: 7             SH:  5    Dex: 16    Spells: 8/8 levels left

rFire    . . .     SeeInvis .   a - +4 quarterstaff
rCold    . . .     Faith    .   (shield currently unavailable)
rNeg     . . .     Spirit   .   b - +1 hat
rPois    .         Reflect  +   h - amulet of reflection
rElec    .         Harm     .   (no ring)
rCorr    .         Rampage  .   (no ring)
Will     .....                  (no ring)
Stlth    ++........             (no ring)
HPRegen  0.17/turn              (no ring)
MPRegen  0.11/turn              (no ring)
                                (no ring)
                                (no ring)

@: lightly drained
A: almost no armour, stealthy swim, amphibious, 8 rings, constrict 8, camouflage
1, gelatinous body 1
a: Renounce Religion, Wall Jump


You were on level 7 of the Dungeon.
You worshipped Wu Jian.
Wu Jian was pleased with you.
You visited 1 branch of the dungeon, and saw 7 of its levels.

You collected 295 gold pieces.
You spent 288 gold pieces at shops.

Inventory:

Hand Weapons
 a - a +4 quarterstaff (weapon)
Missiles
 c - 3 throwing nets
 s - 34 poisoned darts (quivered)
 B - 2 boomerangs
Armour
 b - a +1 hat (worn)
Jewellery
 h - an amulet of reflection (around mantle)
Wands
 y - a wand of iceblast (10)
 C - a wand of enslavement (10)
 D - a wand of flame (21)
 G - a wand of disintegration (19)
Scrolls
 d - a scroll of teleportation {unknown}
 i - 8 scrolls of remove curse
 n - 2 scrolls of magic mapping
 p - a scroll of amnesia
 t - a scroll of blinking
Potions
 f - 3 potions of haste
 g - a potion of degeneration {unknown}
 k - 2 potions of mutation {unknown}
 m - a potion of resistance {unknown}
 q - 4 potions of curing {unknown}
 v - 2 potions of might {unknown}
 x - 4 potions of heal wounds {unknown}
 z - a potion of invisibility {unknown}
 E - 2 potions of berserk rage {unknown}
 F - a potion of magic {unknown}
 H - 2 potions of lignification {unknown}


   Skills:
 - Level 2.0 Fighting
 * Level 8.6 Staves
 * Level 8.3 Throwing
 - Level 3.0 Dodging


You had 8 spell levels left.
You didn't know any spells.
Your spell library contained the following spells:

 Spells                   Type           Power        Failure   Level
 Confusing Touch          Hex            0%           75%         3
 Gell's Gravitas          Tloc           0%           75%         3
 Petrify                  Tmut/Erth      0%           98%         4
 Metabolic Englaciation   Hex/Ice        0%           100%        5
 Yara's Violent Unravell  Hex/Tmut       0%           100%        5


Dungeon Overview and Level Annotations

Branches:
Dungeon (7/15)
 Temple: D:4-7

Altars:
Ashenzari
Trog
Uskayaw
Vehumet
Wu Jian
Xom
Yredelemnul
The Shining One

Shops:
D:6 ?


Innate Abilities, Weirdness & Mutations

You cannot wear most types of armour.
You are very stealthy in the water. (Stealth+)
You are amphibious.
You can wear up to eight rings at the same time.
You can use your tentacles to constrict eight enemies at once.
Your skin changes colour to match your surroundings (Stealth+).
Your rubbery body absorbs attacks. (AC +1, EV +1)


Message History

The wight is moderately damaged.
You constrict the wight.
The wight hits you from afar with a +4 halberd!
You feel drained.
You hit the wight.
The wight is moderately damaged.
You constrict the wight, but do no damage.
The wight hits you with a +2 flail!
You sock the wight!
The wight is almost destroyed.
You constrict the wight. The wight closely misses you. The wight misses you.
You are too injured to fight recklessly!
You are too injured to fight recklessly!
You are too injured to fight recklessly!
You are too injured to fight recklessly!
You sock the wight!
You destroy the wight!
The Council accepts your kill.
The wight hits you from afar with a +4 halberd!!
You die...

##. #.. #.# #.# #.#
###.# # ##.#.# .##
####.<..##########...###
+...............@)z.....
####....##########...###
##.#.# .## ###.# # #.#
#.# #.# #.#


You could see a wight.

Vanquished Creatures
  2 water moccasins (D:6)
  A black bear (D:6)
  2 orc warriors (D:6)
  A sky beast (D:5)
  A phantom (D:6)
  2 bullfrogs (D:6)
  A scorpion (D:6)
  8 wights
  A howler monkey (D:6)
  A hound (D:6)
  A gnoll shaman (D:5)
  2 orc priests (D:6)
  4 orc wizards
  3 worker ants
  A hound skeleton (D:5)
  A hound zombie (D:6)
  8 gnolls
  8 adders
  A shadow imp (D:6)
  2 white imps
  An adder zombie (D:5)
  2 worms
  3 dart slugs
  2 leopard geckos
  16 orcs
  A ball python (D:3)
  3 giant cockroaches
  8 goblins
  6 hobgoblins
  9 jackals
  3 quokkas
  4 bats
  5 frilled lizards
  7 kobolds
  2 leopard gecko zombies (D:5)
  6 rats
129 creatures vanquished.

Notes
Turn   | Place    | Note
-------+----------+-------------------------------------------
     0 | D:1      | Zeld the Octopode Gladiator began the quest for the Orb.
     0 | D:1      | Reached XP level 1. HP: 14/14 MP: 1/1
   284 | D:1      | Reached XP level 2. HP: 19/19 MP: 2/2
   858 | D:1      | Reached XP level 3. HP: 22/24 MP: 3/3
  1509 | D:2      | Reached XP level 4. HP: 29/29 MP: 4/4
  1724 | D:3      | Found an ornate altar of the Wu Jian Council.
  1774 | D:3      | Became a worshipper of the Wu Jian Council
  1934 | D:3      | Found a basalt altar of Yredelemnul.
  2113 | D:3      | You fall into a shaft and drop 1 floor!
  2950 | D:4      | Reached XP level 5. HP: 28/34 MP: 5/5
  3401 | D:4      | Found a broken altar of Ashenzari.
  3441 | D:5      | Entered Level 5 of the Dungeon
  3456 | D:5      | Reached * piety under Wu Jian
  3707 | D:5      | Reached skill level 5 in Staves
  3707 | D:5      | Reached XP level 6. HP: 31/39 MP: 6/6
  3821 | D:5      | Noticed a sky beast
  3827 | D:5      | Killed a sky beast
  3890 | D:5      | Reached skill level 5 in Throwing
  6051 | D:5      | Reached XP level 7. HP: 40/45 MP: 7/7
  6112 | D:5      | Found a radiant altar of Vehumet.
  6114 | D:5      | Found a hide-covered altar of Uskayaw.
  6541 | D:5      | Found a bloodstained altar of Trog.
  6541 | D:5      | Found a shimmering altar of Xom.
  7276 | D:6      | Found a glowing golden altar of the Shining One.
  7386 | D:6      | Reached ** piety under Wu Jian
  7569 | D:6      | Found Deshakki's Magic Scroll Shop.
  7579 | D:6      | Reached XP level 8. HP: 43/50 MP: 8/8
  7626 | D:6      | Bought a scroll of magic mapping for 42 gold pieces
  7626 | D:6      | Bought a scroll of remove curse for 36 gold pieces
  7626 | D:6      | Bought a scroll of enchant armour for 90 gold pieces
  7626 | D:6      | Bought a scroll of identify for 24 gold pieces
  7626 | D:6      | Bought a scroll of remove curse for 36 gold pieces
  7626 | D:6      | Bought a scroll of identify for 24 gold pieces
  7626 | D:6      | Bought a scroll of remove curse for 36 gold pieces
  9743 | D:6      | Reached XP level 9. HP: 19/54 MP: 9/9
 10321 | D:7      | Slain by a wight

Illustrated notes

Levels and vault maps discovered:
D:1:      ncdulo_halloftheorcs, layout_basic, minmay_misc_feat_four_crosses
D:2:      layout_rooms, serial_bayou_crossing
D:3:      layout_basic, overflow_temple_1_default, old_standard_altar
D:4:      layout_rooms, marbit_many_paths
D:5:      layout_loops_ring, nicolae_overflow_hidden_temple
D:6:      layout_loops_corners, serial_shops, shop, tso_metal_star
D:7:      layout_loops_corners, minmay_temple_entry_glass

Skill      XL: |  1  2  3  4  5  6  7  8 |
---------------+-------------------------+-----
Throwing       | 3 4 5 6 8 |  8.3
Staves         | 4 5 6 8 |  8.6
Fighting       | |  2.0
Dodging        | |  3.0

Action                   |  1- 3 |  4- 6 |  7- 9 || total
-------------------------+-------+-------+-------++-------
Melee: Quarterstaff      |    60 |   126 |   139 ||   325
       Constrict         |    17 |    33 |    31 ||    81
       Tentacles         |     5 |    28 |    32 ||    65
Invok: Lunge             |       |    14 |    18 ||    32
  Use: Scroll            |       |       |    13 ||    13
 Stab: Sleeping          |     4 |     9 |    10 ||    23
Armor: Skin              |     2 |     4 |     2 ||     8
Dodge: Dodged            |    49 |    71 |    59 ||   179
Block: Other             |       |       |     4 ||     4
